 Dungeon Crawl Stone Soup version 0.30-a0-808-g6e07883 (webtiles) character file.

Game seed: 10785297932227982556

340 Illumine the Covered (level 6, -4/40 HPs)
             Began as a Gargoyle Fighter on Feb 25, 2023.
             Was an Initiate of Okawaru.
             Killed by nerve-wracking pain
             ... invoked by Grinder
              (5 damage)
             ... while paralysed by Grinder
             ... on level 4 of the Dungeon.
             The game lasted 00:06:16 (3068 turns).

Illumine the Covered (Gargoyle Fighter)             Turns: 3068, Time: 00:06:17

Health: -4/40      AC: 21    Str: 21    XL:     6   Next: 56%
Magic:  6/6        EV:  2    Int:  9    God:    Okawaru [......]
Gold:   164        SH:  0    Dex:  9    Spells: 5/5 levels left

rFire   . . .      SeeInvis .    a - +0 flail
rCold   . . .      Faith    .    c - +0 buckler
rNeg    + . .      Spirit   .    b - +0 plate armour
rPois   ∞          Reflect  .    (no helmet)
rElec   +          Harm     .    j - +0 cloak
rCorr   .          Rampage  .    (no gloves)
Will    .....                    (no boots) Stlth
                                 (no amulet)
HPRegen 0.26/turn                u - +4 ring of protection
MPRegen 0.10/turn                (no ring)

@: paralysed, mighty
A: sickness immunity, AC +4, negative energy resistance 1, electricity
resistance, torment resistance 1, petrification resistance
a: Renounce Religion


You were on level 4 of the Dungeon.
You worshipped Okawaru.
Okawaru was noncommittal.
You visited 1 branch of the dungeon, and saw 5 of its levels.

You collected 164 gold pieces.

Inventory:

Hand Weapons
 a - a +0 flail (weapon)
Missiles
 g - 9 boomerangs (quivered)
 m - 9 poisoned darts
Armour
 b - a +0 plate armour (worn)
 c - a +0 buckler (worn)
 j - a +0 cloak (worn)
Jewellery
 u - a +4 ring of protection (left hand)
Wands
 p - a wand of paralysis (15)
Scrolls
 h - a scroll of torment {unknown}
 i - a scroll of enchant armour {unknown}
 n - 2 scrolls of teleportation
 q - 4 scrolls of identify
 r - a scroll of enchant weapon {unknown}
 v - a scroll of amnesia {unknown}
 w - 2 scrolls of immolation {unknown}
 y - a scroll of magic mapping {unknown}
Potions
 e - a potion of degeneration {unknown}
 f - 2 potions of lignification {unknown}
 k - a potion of brilliance {unknown}
 l - 3 potions of curing {unknown}
 o - 2 potions of haste {unknown}
 s - a potion of invisibility {unknown}
 t - 2 potions of heal wounds {unknown}
 x - a potion of mutation {unknown}


   Skills:
 + Level 4.8 Fighting
 + Level 4.4 Maces & Flails
 + Level 4.8 Armour
 - Level 4.0 Shields


You had 5 spell levels left.
You didn't know any spells.
Your spell library contained the following spells:

 Spells                   Type           Power      Damage    Failure   Level
 Apportation              Tloc           0%         N/A       100%        1
 Kiss of Death            Conj/Necr      0%         2d5       100%        1
 Necrotise                Necr           0%         1d4       100%        1
 Confusing Touch          Hex            0%         N/A       100%        3
 Dispel Undead            Necr           0%         3d6       100%        4
 Summon Small Mammal      Summ           Unusable   N/A       N/A         1

Dungeon Overview and Level Annotations

Branches:
Dungeon (5/15)
 Temple: D:4-7

Altars:
Okawaru
Xom

Annotations:
D:4 Grinder


Innate Abilities, Weirdness & Mutations

You are immune to sickness and miasma.
Your stone body is resilient. (AC +4)
You are immune to poison.
You resist negative energy. (rN+)
You are resistant to electric shocks. (rElec)
You are resistant to unholy torment.
You are immune to petrification.


Message History

The phantom hits you but does no damage.
Grinder barely misses you.
You barely miss Grinder.
Grinder is lightly wounded.
The phantom hits you but does no damage.
Grinder hits you but does no damage.
You barely miss Grinder.
Grinder is lightly wounded.
The phantom hits you but does no damage.
Grinder hits you but does no damage. x2; You block the phantom's attack.
You sock Grinder!
Grinder is heavily wounded.
The phantom closely misses you. Grinder hits you!
* * * LOW HITPOINT WARNING * * *
You writhe in agony.
* * * LOW HITPOINT WARNING * * *
You hit Grinder.
Grinder is severely wounded.
Grinder completely misses you. The phantom hits you.
* * * LOW HITPOINT WARNING * * *
You closely miss Grinder.
Grinder is severely wounded.
The phantom hits you.
* * * LOW HITPOINT WARNING * * *
You block Grinder's attack.
You sock the phantom!
The phantom is almost destroyed.
The phantom hits you but does no damage.
Grinder hits you but does no damage.
You hit the phantom.
You destroy the phantom!
Okawaru is honoured by your kill. Grinder gestures at you.
You suddenly lose the ability to move!
Grinder hits you.
* * * LOW HITPOINT WARNING * * *
You writhe in agony.
* * * LOW HITPOINT WARNING * * *
Grinder gestures at you. Pain shoots through your body!
You die...

#...+...............
#...#..............
#...#..............
#...#..........#######
##'###..........#....[.
#...>....####'###......
#........#.....#.......
#........#.....##.....#
#.....@5.#.....##.....#
#........#............#
#........###'####.....#
#...............#.....#
#...............####)##
#......................
#......................
##+######..............
########.......


You could see Grinder.

Vanquished Creatures
  An ogre (D:4)
  A phantom (D:4)
  Jessica (D:2)
  Ijyb (D:4)
  5 adders
  A worm (D:3)
  A dart slug (D:4)
  An orc (D:4)
  5 endoplasms
  6 giant cockroaches
  6 goblins
  8 hobgoblins
  15 jackals
  3 kobolds
  3 quokkas
  4 ball pythons (D:1)
  4 bats
  6 frilled lizards
  5 rats
77 creatures vanquished.

Notes
Turn   | Place    | Note
-------+----------+-------------------------------------------
     0 | D:1      | Illumine the Gargoyle Fighter began the quest for the Orb.
     0 | D:1      | Reached XP level 1. HP: 14/14 MP: 1/1
   229 | D:1      | Reached XP level 2. HP: 10/19 MP: 2/2
   423 | D:1      | Reached XP level 3. HP: 20/23 MP: 3/3
  1143 | D:2      | Reached XP level 4. HP: 29/29 MP: 4/4
  1327 | D:2      | Found a shimmering altar of Xom.
  1540 | D:2      | Noticed Jessica
  1543 | D:2      | Killed Jessica
  1995 | D:3      | Reached XP level 5. HP: 23/33 MP: 5/5
  2475 | D:4      | Noticed Ijyb
  2480 | D:4      | Paralysed by Ijyb for 3 turns
  2490 | D:4      | Paralysed by Ijyb for 2 turns
  2509 | D:4      | Killed Ijyb
  2534 | D:4      | Noticed a black bear
  2630 | D:4      | Found an iron altar of Okawaru.
  2636 | D:4      | Became a worshipper of Warmaster Okawaru
  2759 | D:4      | Noticed an ogre
  2767 | D:4      | Killed an ogre
  2768 | D:4      | Reached XP level 6. HP: 7/39 MP: 6/6
  2903 | D:4      | Noticed a steam dragon
  3037 | D:5      | Entered Level 5 of the Dungeon
  3037 | D:5      | Noticed Grinder
  3038 | D:5      | Paralysed by Grinder for 5 turns
  3067 | D:4      | Paralysed by Grinder for 4 turns
  3067 | D:4      | HP: 1/39 [Grinder (2)]
  3068 | D:4      | Killed from afar by Grinder

Illustrated notes

Levels and vault maps discovered:
D:1:      nagdon_arrival_double_spiral, layout_loops_corners
D:2:      layout_loops_cross, basic_altar, chequers_serial_rivers_micro_c,
          kennysheep_generic_room_3, uniq_jessica
D:3:      layout_rooms, grunt_ministairs_9, minivault_25
D:4:      layout_gridville, kennysheep_mini_moat, okawaru_ov_weapons_minmay,
          minmay_temple_entry_trees, uniq_ijyb
D:5:      layout_loops_ring, columned_hall_lemuel, uniq_menkaure, uniq_grinder

Skill      XL: |  1  2  3  4  5 |
---------------+----------------+-----
Maces & Flails | 3 4 |  4.4
Armour         | 4 |  4.8
Shields        | 4 |  4.0
Fighting       | 4 |  4.8

Action                     |  1- 3 |  4- 6 || total
---------------------------+-------+-------++-------
  Melee: Flail             |   106 |   189 ||   295
    Use: Scroll            |       |     2 ||     2
         Potion            |       |     1 ||     1
 Armour: Scale mail        |    66 |    81 ||   147
         Plate armour      |       |    55 ||    55
  Dodge: Dodged            |    55 |    84 ||   139
  Block: Buckler           |    30 |    49 ||    79

Table legend: (Time is in decaauts)
 A = Elapsed time spent in this place.
 B = Non-inter-level travel time spent in this place.
 C = Inter-level travel time spent in this place.
 D = Time resting spent in this place.
 E = Time spent auto-exploring this place.
 F = Levels seen in this place.
 G = Mean time per level.
                   A        B        C        D        E       F      G
               +--------+--------+--------+--------+--------+-----+--------+
         Total |   3152 |   2990 |    162 |    300 |   1867 |   5 |  630.4 |
       Dungeon |   3152 |   2990 |    162 |    300 |   1867 |   5 |  630.4 |
               +--------+--------+--------+--------+--------+-----+--------+

Top non-repeatable levels by time:
     D:1: 1086 daAuts
     D:2: 841 daAuts
     D:3: 613 daAuts
     D:4: 604 daAuts
     D:5: 6 daAuts
